 Dungeon Crawl Stone Soup version 0.19.0-2-gae57169 (webtiles) character file.

414 kae the Cudgeler (level 7, -4/56 HPs)
             Began as a Formicid Fighter on Nov 5, 2016.
             Was an Initiate of Okawaru.
             Slain by an ice beast (15 damage)
             ... on level 4 of the Dungeon.
             The game lasted 00:02:44 (3519 turns).

kae the Cudgeler (Formicid Fighter)                 Turns: 3519, Time: 00:02:44

Health: -4/56      AC:  6    Str: 23    XL:     7   Next: 14%
Magic:  7/7        EV:  8    Int:  7    God:    Okawaru [......]
Gold:   207        SH:  9    Dex: 10    Spells: 0 memorised, 6 levels left

rFire  + . .     SeeInvis +     a - +0 flail
rCold  x . .     Gourm    .     b - +0 scale mail
rNeg   . . .     Faith    .     c - +0 shield
rPois  .         Spirit   .     (helmet unavailable)
rElec  .         Reflect  .     (no cloak)
rCorr  .         Harm     +     (no gloves)
MR     .....                    (no boots)
Stlth  ..........               l - amulet of harm
                                (no ring)
                                q - ring of fire

@: no status effects
A: permanent stasis, dig shafts and tunnels, four strong arms, antennae 3
a: Dig, Shaft Self, Renounce Religion


You were on level 4 of the Dungeon.
You worshipped Okawaru.
Okawaru was noncommittal.
You were not hungry.

You visited 2 branches of the dungeon, and saw 5 of its levels.

You collected 207 gold pieces.

Inventory:

Hand Weapons
 a - a +0 flail (weapon)
Armour
 b - a +0 scale mail (worn)
 c - a +0 shield (worn)
Jewellery
 l - an amulet of harm (around neck)
 q - a ring of fire (left hand)
Scrolls
 e - a scroll of fear {unknown}
 h - 2 scrolls of recharging {unknown}
 i - 4 scrolls of remove curse {unknown}
 j - a scroll of enchant armour {unknown}
 n - 3 scrolls of identify {unknown}
 o - a scroll of teleportation {unknown}
 r - a scroll of immolation {unknown}
 s - a scroll of amnesia {unknown}
 u - a scroll of random uselessness {unknown}
Potions
 k - a potion of brilliance {unknown}
 m - a potion of heal wounds {unknown}
 p - a potion of flight
 v - a potion of ambrosia {unknown}
 w - a potion of resistance {unknown}
Comestibles
 f - 3 bread rations
 g - 2 beef jerkies
 t - a meat ration


   Skills:
 + Level 5.3 Fighting
 * Level 6.0 Maces & Flails
 - Level 3.2 Armour
 - Level 3.6 Shields


You had 6 spell levels left.
You didn't know any spells.

Dungeon Overview and Level Annotations

Branches:
Dungeon (4/15)             Temple (1/1) D:4

Altars:
Ashenzari
Cheibriados
Dithmenos
Elyvilon
Fedhas
Gozag
Makhleb
Okawaru
Qazlal
Ru
Sif Muna
Trog
Uskayaw
Vehumet
Xom
Yredelemnul
Zin
The Shining One

Annotations:
D:3 jacquesderrida's ghost, weakling VSWn


Innate Abilities, Weirdness & Mutations

You are under a permanent stasis effect.
You can dig through walls and to a lower floor.
Your four strong arms can wield two-handed weapons with a shield.
You have a pair of large antennae on your head. (SInv)


Message History

You block the ice beast's attack.
You hit the ice beast.
The ice beast is moderately wounded.
The ice beast hits you but does no damage.
You barely miss the ice beast.
The ice beast is moderately wounded.
The ice beast hits you. The ice beast freezes you!
You feel a terrible chill!
* * * LOW HITPOINT WARNING * * *
You hit the ice beast.
The ice beast is heavily wounded.
The ice beast hits you but does no damage.
You sock the ice beast!
The ice beast is almost dead.
You block the ice beast's attack.
You closely miss the ice beast.
The ice beast is almost dead.
The ice beast hits you.
* * * LOW HITPOINT WARNING * * *
The ice beast freezes you!
You feel a terrible chill!
You die...

#.##.+ ##....
(..... ....##
#.... ... ###
#.# ##Y###.#
### #@#...$#
#.# ###.####
#.### #.#
#.#.# #.#
#.#.# #.#
#.#.# #.#
##.#.# #.#
#....#
#.#######..###
#......##..#


You could see an ice beast.

Vanquished Creatures
  An eye of draining (D:3)
  2 orc priests (D:4)
  6 orc wizards (D:4)
  A hound skeleton (D:4)
  5 worms
  3 leopard geckos
  16 orcs
  A giant cockroach (D:1)
  3 goblins (D:2)
  2 hobgoblins
  8 kobolds
  2 quokkas (D:2)
  4 bats
  2 frilled lizards (D:2)
  5 rats
61 creatures vanquished.

Notes
Turn   | Place    | Note
-------+----------+-------------------------------------------
     0 | D:1      | kae the Formicid Fighter began the quest for the Orb.
     0 | D:1      | Reached XP level 1. HP: 18/18 MP: 1/1
   271 | D:1      | Reached XP level 2. HP: 22/24 MP: 2/2
   756 | D:2      | Reached skill level 3 in Maces & Flails
   756 | D:2      | Reached XP level 3. HP: 25/29 MP: 3/3
  1515 | D:3      | Noticed jacquesderrida's ghost (weakling VSWn)
  1823 | D:3      | Reached XP level 4. HP: 37/37 MP: 4/4
  2034 | D:3      | Found a bloodstained altar of Trog.
  2034 | D:3      | Noticed an eye of draining
  2045 | D:3      | Killed an eye of draining
  2045 | D:3      | Reached skill level 4 in Maces & Flails
  2045 | D:3      | Reached XP level 5. HP: 41/43 MP: 1/5
  2151 | D:3      | Found a hide-covered altar of Uskayaw.
  2152 | D:3      | Found a glowing silver altar of Zin.
  2152 | D:3      | Found a glowing golden altar of the Shining One.
  2153 | D:3      | Found a basalt altar of Yredelemnul.
  2483 | D:4      | Reached XP level 6. HP: 21/50 MP: 6/6
  2500 | D:4      | HP: 2/50 [orc wizard/puff of flame (2)]
  2501 | D:4      | Reached skill level 5 in Maces & Flails
  2932 | D:4      | Reached skill level 5 in Fighting
  2997 | D:4      | Found a staircase to the Ecumenical Temple.
  3090 | Temple   | Entered the Ecumenical Temple
  3190 | Temple   | Became a worshipper of Warmaster Okawaru
  3378 | D:4      | Reached XP level 7. HP: 45/56 MP: 7/7
  3398 | D:4      | Reached skill level 6 in Maces & Flails
  3519 | D:4      | Slain by an ice beast

Skill      XL: |  1  2  3  4  5  6  7 |
---------------+----------------------+-----
Maces & Flails | 3 4 5 6 |  6.0
Fighting       | 4 5 |  5.3
Armour         | |  3.2
Shields        | |  3.6

Action                   |  1- 3 |  4- 6 |  7- 9 || total
-------------------------+-------+-------+-------++-------
Melee: Flail             |   124 |   107 |    31 ||   262
 Abil: Dig               |       |     4 |       ||     4
  Use: Potion            |       |     3 |     1 ||     4
  Eat: Chunk             |     2 |     3 |       ||     5
       Meat ration       |       |     1 |       ||     1
Armor: Scale mail        |    42 |    42 |     6 ||    90
Dodge: Dodged            |    29 |    36 |     5 ||    70
Block: Shield            |    71 |    38 |     6 ||   115
